cohdb
Replays
Latest Replays
All Replays
Popular Replays
Top Player Replays
Match Explorer
How It Works
Community
CoH3 Stats
Reddit
Sign in to upload your games and track your stats! →
Sign in with Steam
Match 44619436
Unlisted
Match 44619436
Overview
Messages
Build Orders
End
Royal Engineer Section
Construct Section Command Post
Infantry Section
Infantry Section
Infantry Section
Construct Platoon Command Post
Humber Armored Car
Construct Field Infirmary
Vickers Machine Gun Team
Infantry Training
ML 3-inch Mortar Team
Selects Heavy Armor Battlegroup
Selects Heavy Armor Battlegroup
Selects Engineer Detachments
Selects Forward Repair Assembly
Unlock Bishop Self-propelled Artillery
Testicular Chewing Goat
咚咚锵个腿
0
0
Comments
sign in to comment!
No comments posted yet!